 Dungeon Crawl Stone Soup version 0.26.1-2-gb8aa6d0cf2 (webtiles) character file.

Game seed: 5241933708251843195

759775 Johnny the Wrestler (level 27, 0/195 HPs)
             Began as a Troll Berserker on Mar 12, 2021.
             Was the Champion of Cheibriados.
             Killed from afar by a Brimstone Fiend (40 damage)
             ... with damnation
             ... in Pandemonium on Mar 13, 2021.
             The game lasted 02:21:58 (70141 turns).

Johnny the Wrestler (Troll Berserker)              Turns: 70141, Time: 02:21:59

Health: 0/195      AC: 29    Str: 59    XL:     27
Magic:  17/31      EV: 22    Int: 16    God:    Cheibriados [******]
Gold:   7698       SH:  5    Dex: 34    Spells: 34/52 levels left

rFire    + + +     SeeInvis +     - Unarmed
rCold    + + .     Faith    .   (shield currently unavailable)
rNeg     + . .     Spirit   .   G - +5 gold dragon scales "Eguesoc" {rElec rPois rF+ rC+ Dex+4}
rPois    +         Reflect  +   w - +2 hat {Will+}
rElec    +         Harm     .   L - +2 cloak {Will+}
rCorr    .         Rampage  .   (gloves unavailable)
Will     ++++.                  (boots unavailable)
Stlth    ..........             e - amulet "Gifigrism" {Reflect Dex+8 Slay+3 SH+5}
HPRegen  0.82/turn              V - ring of positive energy
MPRegen  0.22/turn              W - ring of Yboassid {+Fly rPois rF++ Str+6 SInv}

@: blade hands, very slow
A: large, unfitting armour, claws 3, blurry vision 1, clumsy 1, cold resistance
1, deterioration 1, dopey 1, frail 3, low mp 2, regeneration 1, screaming 2,
shaggy fur 1, tough skin 3, weak 2
}: 5/15 runes: serpentine, barnacled, slimy, silver, abyssal
a: End Transformation, Renounce Religion, Evoke Flight, Bend Time, Temporal
Distortion, Slouch, Step From Time


You were in Pandemonium.
You worshipped Cheibriados.
Cheibriados was exalted by your worship.
You had blades for hands.
You visited 10 branches of the dungeon, and saw 50 of its levels.
You visited Pandemonium 1 time, and saw 3 of its levels.
You visited the Abyss 5 times.
You also visited: Trove, Bailey, Gauntlet, Ice Cave and Wizlab.

You collected 11982 gold pieces.
You spent 4284 gold pieces at shops.

Inventory:

Hand Weapons
 R - the +6 Majin-Bo {vamp, MP+6 Int+6}
   (You took it off a Hellbinder in a wizard's laboratory)

   It inflicts no extra harm, but heals its wielder when it wounds a living foe.
   It affects your intelligence (+6).
   It affects your magic capacity (+6).
Armour
 j - a +8 tower shield of protection (melded)
 w - a +2 hat of willpower (worn)
 G - the +5 gold dragon scales "Eguesoc" (worn) {rElec rPois rF+ rC+ Dex+4}
   (You acquired it on level 2 of the Elven Halls)

   It affects your dexterity (+4).
   It protects you from fire.
   It protects you from cold.
   It insulates you from electricity.
   It protects you from poison.
 L - a +2 cloak of willpower (worn)
Jewellery
 e - the amulet "Gifigrism" (around neck) {Reflect Dex+8 Slay+3 SH+5}
   (You acquired it on level 2 of the Elven Halls)

   [amulet of reflection]

   It shields you and reflects attacks.
   It affects your dexterity (+8).
   It affects your accuracy and damage with ranged weapons and melee attacks
   (+3).
   It affects your SH (+5).
 N - the amulet "Biumag" {Spirit rElec Dex+4 Stlth+}
   (You found it in a treasure trove)

   [amulet of guardian spirit]

   It causes incoming damage to be split between your health and magic.
   It affects your dexterity (+4).
   It insulates you from electricity.
   It makes you more stealthy.
 U - the ring of Turaerr {Will+ Int+5}
   (You took it off a balrug in Pandemonium)

   [ring of willpower]

   It affects your intelligence (+5).
   It affects your willpower, your defense against some magical effects.
 V - a ring of positive energy (left scythe-like blade)
 W - the ring of Yboassid (right scythe-like blade) {+Fly rPois rF++ Str+6 SInv}
   (You took it off a meliai on level 4 of the Lair of Beasts)

   [ring of strength]

   It affects your strength (+6).
   It greatly protects you from fire.
   It protects you from poison.
   It lets you see invisible.
   It lets you fly.
 Z - the amulet of Grontol {Regen+ Int+2 Slay+2}
   (You found it on level 5 of the Pits of Slime)

   [amulet of regeneration]

   It affects your intelligence (+2).
   It affects your accuracy and damage with ranged weapons and melee attacks
   (+2).
   It increases your rate of regeneration.
Wands
 B - a wand of digging (10)
 M - a wand of acid (12)
Scrolls
 b - 34 scrolls of remove curse
 d - 6 scrolls of enchant armour
 f - 8 scrolls of blinking
 g - 10 scrolls of fog
 i - 5 scrolls of silence
 n - a scroll of summoning
 o - 5 scrolls of holy word
 u - 16 scrolls of teleportation
 v - 9 scrolls of immolation
 E - 4 scrolls of torment
 I - 9 scrolls of magic mapping
 J - 8 scrolls of fear
 P - 7 scrolls of vulnerability
 Q - 14 scrolls of identify
 T - 4 scrolls of noise
Potions
 a - 10 potions of resistance
 k - 9 potions of brilliance
 l - 12 potions of might
 p - 10 potions of haste
 r - a potion of invisibility
 s - 6 potions of lignification
 t - 8 potions of mutation
 z - 13 potions of flight
 A - 15 potions of ambrosia
 C - 19 potions of curing
 D - 8 potions of berserk rage
 F - 3 potions of heal wounds
 H - a potion of cancellation
 X - 3 potions of magic
 Y - 9 potions of attraction
Miscellaneous
 c - a lightning rod (4/4)
 h - a box of beasts
 m - a box of beasts
 q - a phantom mirror
 x - a phantom mirror
 y - a box of beasts
 K - a box of beasts
 O - a box of beasts
 S - a tin of tremorstones (2/2)


   Skills:
 + Level 17.6 Fighting
 - Level 5.9 Armour
 + Level 15.8 Dodging
 - Level 17.4 Shields
 + Level 22.9 Unarmed Combat
 + Level 13.2 Spellcasting
 - Level 10.1 Translocations
 + Level 14.2 Transmutations
 - Level 13.4 Invocations
 - Level 12.1 Evocations


You had 34 spell levels left.
You knew the following spells:

 Your Spells              Type           Power        Failure   Level
a - Blink                 Tloc           N/A          16%         2
b - Dragon Form           Tmut           27%          96%         7
c - Passage of Golubria   Tloc           N/A          38%         4
i - Blade Hands           Tmut           27%          28%         5

Your spell library contained the following spells:

 Spells                   Type           Power        Failure   Level
 Beastly Appendage        Tmut           100%         8%          1
 Wereblood                Tmut           54%          9%          2
 Gell's Gravitas          Tloc           21%          21%         3
 Lesser Beckoning         Tloc           21%          21%         3
 Teleport Other           Tloc           43%          21%         3
 Sting                    Tmut/Pois      100%         22%         1
 Passwall                 Tmut/Erth      27%          28%         2
 Spider Form              Tmut/Pois      16%          38%         3
 Portal Projectile        Hex/Tloc       52%          58%         3
 Ignite Poison            Fire/Tmut/Pois 25%          61%         3
 Hydra Form               Tmut           27%          63%         6
 Ice Form                 Ice/Tmut       33%          67%         4
 Petrify                  Tmut/Erth      33%          67%         4
 Animate Skeleton         Necr           20%          82%         1
 Foxfire                  Conj/Fire      40%          82%         1
 Freeze                   Ice            40%          82%         1
 Magic Dart               Conj           40%          82%         1
 Pain                     Necr           40%          82%         1
 Shock                    Conj/Air       40%          82%         1
 Summon Small Mammal      Summ           40%          82%         1
 Iskenderun's Mystic Bla  Conj/Tloc      26%          87%         4
 Alistair's Intoxication  Tmut/Pois      22%          89%         5
 Irradiate                Conj/Tmut      16%          89%         5
 Yara's Violent Unravell  Hex/Tmut       16%          89%         5
 Call Imp                 Summ           10%          90%         2
 Corpse Rot               Necr/Air       N/A          90%         2
 Poisonous Vapours        Pois/Air       20%          90%         2
 Searing Ray              Conj           20%          90%         2
 Slow                     Hex            10%          90%         2
 Sublimation of Blood     Necr           5%           90%         2
 Swiftness                Air            10%          90%         2
 Dispersal                Tloc           21%          96%         6
 Call Canine Familiar     Summ           10%          98%         3
 Confusing Touch          Hex            10%          98%         3
 Conjure Flame            Conj/Fire      10%          98%         3
 Dazzling Flash           Conj/Hex       20%          98%         3
 Frozen Ramparts          Ice            20%          98%         3
 Mephitic Cloud           Conj/Pois/Air  10%          98%         3
 Ozocubu's Armour         Ice            10%          98%         3
 Static Discharge         Conj/Air       10%          98%         3
 Stone Arrow              Conj/Erth      20%          98%         3
 Summon Guardian Golem    Hex/Summ       10%          98%         3
 Vampiric Draining        Necr           5%           98%         3
 Summon Forest            Summ/Tloc      13%          98%         5
 Airstrike                Air            5%           100%        4
 Animate Dead             Necr           5%           100%        4
 Cause Fear               Hex            5%           100%        4
 Fulminant Prism          Conj/Hex       5%           100%        4
 Hailstorm                Conj/Ice       10%          100%        4
 Leda's Liquefaction      Hex/Erth       5%           100%        4
 Olgreb's Toxic Radiance  Pois           10%          100%        4
 Summon Ice Beast         Ice/Summ       10%          100%        4
 Summon Lightning Spire   Summ/Air       10%          100%        4
 Agony                    Necr           10%          100%        5
 Bolt of Magma            Conj/Fire/Erth 5%           100%        5
 Borgnjor's Vile Clutch   Necr/Erth      5%           100%        5
 Fireball                 Conj/Fire      5%           100%        5
 Lightning Bolt           Conj/Air       5%           100%        5
 Metabolic Englaciation   Hex/Ice        5%           100%        5
 Silence                  Hex/Air        5%           100%        5
 Summon Demon             Summ           5%           100%        5
 Summon Mana Viper        Hex/Summ       10%          100%        5
 Death Channel            Necr           5%           100%        6
 Eringya's Noxious Bog    Tmut/Pois      16%          100%        6
 Freezing Cloud           Conj/Ice/Air   5%           100%        6
 Iron Shot                Conj/Erth      5%           100%        6
 Ozocubu's Refrigeration  Ice            5%           100%        6
 Shadow Creatures         Summ           N/A          100%        6
 Simulacrum               Ice/Necr       5%           100%        6
 Starburst                Conj/Fire      5%           100%        6
 Statue Form              Tmut/Erth      22%          100%        6
 Malign Gateway           Summ/Tloc      13%          100%        7
 Monstrous Menagerie      Summ           5%           100%        7
 Spellforged Servitor     Conj/Summ      5%           100%        7
 Summon Greater Demon     Summ           5%           100%        7
 Summon Hydra             Summ           5%           100%        7
 Discord                  Hex            5%           100%        8
 Disjunction              Tloc           21%          100%        8
 Ignition                 Fire           5%           100%        8
 Lehudib's Crystal Spear  Conj/Erth      5%           100%        8
 Summon Horrible Things   Summ           5%           100%        8
 Dragon's Call            Summ           5%           100%        9
 Shatter                  Erth           5%           100%        9


Dungeon Overview and Level Annotations

Branches:
Dungeon (15/15)            Temple (1/1) D:6            Lair (6/6) D:9
 Shoals (4/4) Lair:2        Snake (4/4) Lair:3        Slime (5/5) Lair:5
    Orc (2/2) D:9             Elf (3/3) Orc:2        Vaults (5/5) D:13
  Crypt (0/3) Vaults:3     Depths (5/5) D:15            Zot (0/5) Depths:5
 Bailey (visited)           IceCv (visited)          WizLab (visited)
Gauntlet (visited)

Altars:
Ashenzari
Cheibriados
Dithmenos
Elyvilon
Fedhas
Gozag
Hepliaklqana
Kikubaaqudgha
Makhleb
Nemelex Xobeh
Okawaru
Qazlal
Ru
Sif Muna
Trog
Uskayaw
Vehumet
Wu Jian
Xom
Yredelemnul
Zin
The Shining One
Beogh
Jiyva
Lugonu

Shops:
D:7 =   D:11 ?   D:13 [   Orc:1 [   Orc:2 *:[(   Elf:1 (   Elf:2 ?   Elf:3 **
Shoals:1 *   Shoals:2 ?   Snake:1 ?   Vaults:1 [=   Vaults:3 :   Vaults:4 [[=
Depths:1 *   Depths:2 }=}[(*

Portals:
Hell: Depths:1 Depths:2 Depths:3 Depths:4 Depths:5
Abyss: Depths:4
Pandemonium: Depths:3
Ziggurat: Depths:4


Innate Abilities, Weirdness & Mutations

You are too large for most types of armour.
You have claws for hands.
Your natural rate of healing is unusually fast.
You are covered in fur. (AC +1)
You have extremely tough skin. (AC +3)
Scrolls take you a little longer to read.
You are clumsy. (Dex -2)
Your flesh is cold resistant. (rC+)
Your body sometimes deteriorates upon taking damage.
You are dopey. (Int -2)
You are extremely frail. (-30% HP)
Your magical capacity is very low. (-20% MP)
You sometimes yell uncontrollably at your foes.
You are very weak. (Str -4)


Message History

Unknown command.
Unknown command.
You can feel time thicken for a moment.
You kill the tormentor!
Cheibriados thoroughly appreciates the change of pace.
Unknown command.
Unknown command.
Casting: Blade Hands (mildly dangerous; 3% risk of failure)
Confirm with . or Enter, or press ? or * to list all spells.
Your hands turn into razor-sharp scythe blades.
Your +8 tower shield of protection melds into your body.
You feel less protected.
Unknown command.
Unknown command.
The Brimstone Fiend misses you.
The Brimstone Fiend completely misses you.
The Brimstone Fiend barely misses you. The Brimstone Fiend gestures at you.
The sphere of damnation explodes!
The damnation engulfs you!!!
You die...

##..#####..# #. #..#
#..# ##.####### #..#
###..#
.........###..#.......
.........#.............
.........#..........
...
....................
....................
........@1....#.....
.........###.#######
.........# #.#
...^..#.## #.#
......#.# .# ..... #.$
..... #.# .... #.# ....
#.#


You could see a Brimstone Fiend.

Vanquished Creatures
  Dissolution (Slime:5)
  the Royal Jelly (Slime:5)
  An ancient lich (Vaults:5)
  Mara (Vaults:5)
  A juggernaut (Depths:3)
  A pandemonium lord (Pan)
  Frederick (Vaults:4)
  Margery (Depths:2)
  6 caustic shrikes
  Xtahua (Vaults:4)
  4 golden dragons
  Nikola (Shoals:1)
  the Enchantress (Depths:3)
  6 bone dragons
  A Hellbinder (WizLab)
  A Tzitzimitl (Pan)
  4 Ice Fiends
  2 tentacled monstrosities
  Jorgrun (Shoals:3)
  8 Hell Sentinels (Pan)
  2 Brimstone Fiends (Pan)
  2 titans (Vaults:5)
  Asterion (Elf:2)
  A deep elf blademaster (Elf:3)
  A deep elf master archer (Elf:3)
  3 quicksilver dragons
  30 acid blobs
  Polyphemus (Shoals:3)
  An Executioner (Abyss:2)
  13 sphinxes
  14 tentacled starspawn
  Kirke (D:12)
  2 krakens
  7 shadow dragons
  6 storm dragons
  The ghost of Bodis the Spry, an adept OpTm of Ru (Snake:1)
  Ilsuiw (Shoals:3)
  7 tengu reavers
  25 azure jellies
  3 blood saints (Pan)
  10 nagarajas
  The ghost of archon2 the Scorcher, an adept DEFE of Vehumet (Shoals:1)
  10 fire giants
  4 frost giants
  A draconian knight (Abyss:2)
  7 corrupters (Pan)
  An orc warlord (Orc:2)
  11 deep elf sorcerers
  A draconian scorcher (Abyss:2)
  A ghost moth (shapeshifter) (Vaults:5)
  2 draconian shifters (Depths:5)
  2 iron dragons
  10 vault wardens
  5 deep elf elementalists
  2 angels
  8 balrugs
  Aizul (Snake:4)
  A warmonger (Pan)
  7 cacodemons
  A draconian annihilator (Depths:5)
  A draconian stormcaller (Abyss:4)
  25 stone giants
  13 ironheart preservers
  4 spriggan defenders
  2 reapers
  3 war gargoyles
  An ophan (Abyss:2)
  A caustic shrike skeleton (Depths:2)
  19 very ugly things
  5 deep elf annihilators
  9 deep elf demonologists
  The ghost of Johnny the Eclecticist, a journeyman DEEE of Dithmenos (D:14)
  2 red draconians (Depths:5)
  A yellow draconian (Depths:5)
  3 lorocyprocas
  4 black suns
  A white draconian (Depths:5)
  2 purple draconians (Depths:5)
  A minotaur (Gauntlet)
  3 merfolk javelineers (Shoals:4)
  5 spark wasps
  3 jiangshi (Depths:2)
  4 blizzard demons
  14 ettins
  7 green deaths
  11 merfolk impalers
  8 deep elf death magi
  8 deep elf high priests
  11 death oozes
  12 fire dragons
  15 great orbs of eyes
  8 ice dragons
  16 yaktaur captains
  The ghost of toph the Blocker, a journeyman MfIE of Okawaru (D:11)
  A fire dragon (shapeshifter) (Depths:5)
  10 naga warriors
  28 vault guards
  2 hell beasts (WizLab)
  14 boulder beetles
  21 hydras
  10 anacondas
  8 centaur warriors
  4 monstrous demonspawn (Pan)
  8 rakshasas
  8 spriggan air magi
  8 merfolk aquamancers
  4 merfolk avatars
  5 catoblepae
  12 ogre magi
  3 death knights
  2 alligator snapping turtles
  A queen ant (Gauntlet)
  29 dancing weapons
  45 two-headed ogres
  3 satyrs
  7 hell hogs
  6 deep troll shamans
  7 tengu warriors
  4 spriggan berserkers
  A titan zombie (Depths:4)
  21 death yaks
  5 deep troll earth magi
  A vampire mage (Depths:2)
  20 naga sharpshooters
  9 shock serpents
  14 thrashing horrors
  3 orc high priests
  The ghost of asdsad the Grappler, a novice TrBe of Trog (D:8)
  13 soul eaters
  21 deep elf knights
  9 hell knights
  20 sun demons
  6 shadow wraiths
  4 iron trolls
  14 wretched stars
  3 salamander mystics
  2 titan skeletons
  12 sixfirhies
  2 skeletal warriors
  3 spatial maelstroms
  3 golden dragon zombies
  4 glowing orange brains
  An anaconda zombie (Abyss:1)
  3 torturous demonspawn (Pan)
  2 gelid demonspawn (Pan)
  3 unseen horrors
  A death drake (Abyss:4)
  17 sea snakes
  2 infernal demonspawn (Pan)
  22 deep trolls
  A flayed ghost (D:15)
  A harpy (shapeshifter) (Vaults:4)
  13 deep elf archers
  7 naga ritualists
  11 orc knights
  Pikel (D:5)
  4 shadow demons
  3 phantasmal warriors
  4 wizards
  A shadow dragon zombie (Depths:4)
  4 ironbrand convokers
  3 wolf spiders
  4 lindwurms
  7 necromancers
  37 harpies
  2 mana vipers (shapeshifter)
  5 oklob plants (Lair:5)
  11 salamanders
  20 manticores
  8 mana vipers
  5 worldbinders
  A will-o-the-wisp (Abyss:2)
  75 deep elf magi
  A stone giant zombie (Depths:2)
  4 orc sorcerers
  7 cyclopes
  15 fauns
  47 ugly things
  7 shining eyes
  A moth of wrath (shapeshifter) (Vaults:1)
  A fire giant skeleton (D:15)
  A frost giant skeleton (Depths:2)
  2 moths of wrath
  3 apocalypse crabs
  2 elephants (Lair:4)
  A centaur zombie (D:10)
  3 rust devils
  14 merfolk sirens
  6 guardian serpents
  30 naga magi
  6 water nymphs
  37 black mambas
  12 vault sentinels
  A stone giant skeleton (Vaults:2)
  An elf skeleton (Depths:2)
  A gargoyle (D:14)
  11 cane toads
  An ice statue (IceCv)
  17 orange demons
  4 eyes of devastation
  24 smoke demons
  A minotaur zombie (Gauntlet)
  5 torpor snails (Lair:6)
  49 yaktaurs
  A cane toad (shapeshifter) (Abyss:2)
  A yaktaur zombie (Vaults:3)
  4 hellions
  3 centaur skeletons
  5 tormentors
  4 efreet
  11 freezing wraiths
  4 anaconda simulacra (IceCv)
  3 rime drakes (shapeshifter)
  6 komodo dragons
  16 ancient zymes
  12 ice devils
  13 demonic crawlers
  A golden dragon simulacrum (IceCv)
  5 rime drakes
  4 catoblepas skeletons (Abyss:4)
  3 tengu conjurers
  18 trolls
  10 red devils
  A tengu simulacrum (Vaults:2)
  18 hellwings
  4 meliai
  3 queen bees
  4 wind drakes
  40 merfolk
  13 polar bears
  17 hornets
  Grinder (D:5)
  A wind drake (shapeshifter) (Depths:2)
  3 tyrant leeches (Lair:6)
  A raiju (shapeshifter) (Vaults:1)
  103 slime creatures
  8 dream sheep
  18 snapping turtles
  2 deep troll zombies
  A fire dragon zombie (Abyss:2)
  6 blink frogs
  A fire giant simulacrum (Depths:2)
  A human simulacrum (Vaults:3)
  A meliai zombie (D:11)
  22 raiju
  2 vampires
  3 flying skulls (Abyss:4)
  An ettin skeleton (Abyss:2)
  67 large abominations
  Sigmund (D:5)
  6 air elementals
  A dire elephant simulacrum (IceCv)
  A fire dragon skeleton (D:15)
  4 shadows
  31 water elementals
  A wyvern (shapeshifter) (Abyss:2)
  5 centaur simulacra
  10 spriggans
  12 ynoxinuls
  A hog (shapeshifter) (Vaults:4)
  10 basilisks
  7 wyverns
  5 wraiths
  36 yaks
  A basilisk (shapeshifter) (Depths:3)
  A fire bat (shapeshifter) (Depths:1)
  2 fire elementals
  4 golden eyes
  Grum (Lair:1)
  14 chaos spawn
  11 neqoxecs
  A death yak simulacrum (IceCv)
  A spriggan simulacrum (Depths:2)
  4 spatial vortices
  3 vampire mosquitoes (D:13)
  6 wargs
  A steam dragon (D:12)
  A yaktaur simulacrum (Vaults:1)
  41 nagas
  An iron troll simulacrum (IceCv)
  5 harpy simulacra (IceCv)
  2 hydra simulacra (IceCv)
  3 acid dragons
  13 water moccasins
  8 soldier ants
  A soldier ant (shapeshifter) (D:14)
  A water moccasin (shapeshifter) (Depths:1)
  5 hell hounds
  A floating eye (Depths:3)
  A swamp drake (Orc:1)
  41 orc warriors
  A sky beast (shapeshifter) (Depths:4)
  An eye of draining (shapeshifter) (D:15)
  A deep troll skeleton (Vaults:3)
  5 ice beasts
  12 sky beasts
  10 black bears
  8 phantoms
  48 starcursed masses
  An ettin simulacrum (IceCv)
  42 ogres
  21 wolves
  An ice dragon simulacrum (Abyss:2)
  A necrophage (D:8)
  4 boggarts (Depths:1)
  17 centaurs
  8 eyes of draining
  3 human skeletons (Vaults:3)
  2 lemures (D:5)
  2 orc skeletons (Vaults:2)
  A big kobold (shapeshifter) (Vaults:3)
  An elf zombie (Abyss:2)
  A big kobold (D:14)
  A human zombie (Vaults:2)
  Blork the orc (Orc:2)
  24 bullfrogs
  13 earth elementals
  3 wyvern zombies
  A glowing shapeshifter simulacrum (Vaults:1)
  A gnoll sergeant (D:8)
  2 scorpions
  2 elephant simulacra (IceCv)
  73 killer bees
  The ghost of EnergyMaker the Twirler, a weakling DsGl (D:4)
  3 wights (D:14)
  5 howler monkeys
  3 electric eels
  3 crimson imps
  4 draconian simulacra (IceCv)
  6 quasits
  30 small abominations
  A bullfrog zombie (D:9)
  6 jellies
  7 hounds
  22 orc wizards
  11 orc priests
  6 iron imps
  A bullfrog skeleton (D:7)
  2 iguanas
  A polar bear simulacrum (IceCv)
  10 worker ants
  2 troll simulacra (IceCv)
  2 hound skeletons
  2 hound zombies
  4 gnolls (D:3)
  12 adders
  2 naga simulacra (IceCv)
  2 ogre simulacra (IceCv)
  A hound simulacrum (D:4)
  2 shadow imps
  9 white imps
  5 ufetubi
  2 oozes
  An adder skeleton (D:9)
  2 adder zombies (D:8)
  2 dart slugs
  5 worms
  2 adder simulacra (D:4)
  7 leopard geckos
  96 orcs
  2 ball pythons (D:4)
  6 giant cockroaches
  A giant cockroach (shapeshifter) (Depths:1)
  9 goblins
  7 hobgoblins
  7 jackals
  5 quokkas
  5 bats
  4 frilled lizards
  A giant cockroach zombie (D:5)
  10 kobolds
  A leopard gecko simulacrum (D:4)
  A leopard gecko skeleton (D:5)
  A leopard gecko zombie (D:8)
  A quokka simulacrum (D:4)
  2 quokka skeletons
  A quokka zombie (D:8)
  8 rats (D:1)
  A briar patch (Pan)
  4 crawling corpses (Vaults:5)
  A lurking horror (Abyss:4)
  2 plants
  8 starspawn tentacles
  4 tentacles
2968 creatures vanquished.

Vanquished Creatures (collateral kills)
  A death yak (Lair:6)
  A lindwurm (Lair:6)
  2 dream sheep (Lair:6)
  An orc warrior (Orc:2)
  A necrophage (D:11)
  An orc priest (Orc:2)
  An orc (Elf:2)
8 creatures vanquished.

Vanquished Creatures (others)
  A rakshasa (Depths:4)
  A merfolk avatar (Shoals:4)
  An ogre mage (Depths:2)
  A wretched star (Abyss:2)
  A deep elf mage (Vaults:5)
  2 manticores (Elf:2)
  A cane toad (Lair:6)
  A hellion (Abyss:4)
  A meliai (D:14)
  2 raiju
  A hornet (Depths:4)
  2 large abominations (Abyss:4)
  A steam dragon (D:12)
  A human (D:12)
  An orc warrior (Elf:2)
  A small abomination (Abyss:2)
  2 killer bees (D:14)
  A quasit (Abyss:2)
  An adder (D:12)
  An ufetubus (Abyss:4)
  2 briar patches (Pan)
  26 fungi
  5 lurking horrors
  150 plants
  41 starspawn tentacles
  11 tentacles
  3 withered plants
262 creatures vanquished.

Grand Total: 3238 creatures vanquished

Notes
Turn   | Place    | Note
-------+----------+-------------------------------------------
     0 | D:1      | Johnny the Troll Berserker began the quest for the Orb.
     0 | D:1      | Reached XP level 1. HP: 22/22 MP: 0/0
    94 | D:1      | Reached XP level 2. HP: 23/29 MP: 1/1
   458 | D:1      | Reached ** piety under Trog
   507 | D:1      | Reached XP level 3. HP: 36/36 MP: 2/2
   863 | D:2      | Found a blossoming altar of Fedhas.
  1462 | D:3      | Reached skill level 4 in Unarmed Combat
  1476 | D:3      | Reached XP level 4. HP: 41/44 MP: 3/3
  1497 | D:3      | Noticed a centaur
  1508 | D:3      | Killed a centaur
  1509 | D:3      | Reached XP level 5. HP: 36/53 MP: 4/4
  1583 | D:3      | Found a bloodstained altar of Trog.
  1619 | D:3      | Reached skill level 5 in Unarmed Combat
  1829 | D:3      | Found a basalt altar of Yredelemnul.
  2145 | D:4      | Reached XP level 6. HP: 42/61 MP: 5/5
  2215 | D:4      | Reached *** piety under Trog
  2260 | D:4      | Noticed EnergyMaker's ghost (weakling DsGl)
  2260 | D:4      | Noticed an ice beast
  2468 | D:4      | Found a runed translucent gate.
  2470 | D:4      | Found a runed translucent gate.
  2473 | D:4      | Found a runed translucent gate.
  2476 | D:4      | Reached skill level 6 in Unarmed Combat
  2706 | D:4      | Reached XP level 7. HP: 65/68 MP: 6/6
  3016 | D:4      | Killed EnergyMaker's ghost
  3110 | D:5      | Entered Level 5 of the Dungeon
  3152 | D:5      | Noticed Grinder
  3164 | D:5      | Killed Grinder
  3165 | D:5      | Reached skill level 7 in Unarmed Combat
  3382 | D:5      | Noticed Sigmund
  3388 | D:5      | Reached XP level 8. HP: 79/79 MP: 7/7
  3392 | D:5      | Killed Sigmund
  3565 | D:5      | Noticed Pikel
  3582 | D:5      | Killed Pikel
  3582 | D:5      | Reached **** piety under Trog
  3583 | D:5      | Reached skill level 5 in Fighting
  3583 | D:5      | Reached skill level 5 in Dodging
  3583 | D:5      | Reached skill level 8 in Unarmed Combat
  4065 | D:6      | Reached skill level 9 in Unarmed Combat
  4065 | D:6      | Reached XP level 9. HP: 88/88 MP: 8/8
  4148 | D:6      | Found a staircase to the Ecumenical Temple.
  4227 | D:6      | Found a white marble altar of Elyvilon.
  4824 | D:7      | Found Jenop's Jewellery Boutique.
  5296 | D:8      | Reached skill level 10 in Unarmed Combat
  5376 | D:8      | Found a flagged portal.
  5382 | D:8      | Found the +7 mace of Variability {chain chaos}
  5424 | Bailey   | Entered a bailey
  5604 | Bailey   | Reached ***** piety under Trog
  5620 | Bailey   | Reached XP level 10. HP: 100/100 MP: 9/9
  5898 | Bailey   | Noticed an orc knight
  5914 | Bailey   | Killed an orc knight
  5915 | Bailey   | Reached skill level 11 in Unarmed Combat
  6120 | D:8      | Found a shimmering altar of Xom.
  6511 | D:8      | Identified the +7 rapier of Circular Logic {vorpal, *Noise
                  | Will+ Int+3}
  6512 | D:8      | Noticed a moth of wrath
  6512 | D:8      | Noticed asdsad's ghost (novice TrBe)
  6513 | D:8      | Noticed a cyclops
  6516 | D:8      | Found a transporter.
  6517 | D:8      | Found a bloodstained altar of Trog.
  6556 | D:8      | Found a transporter.
  6925 | D:9      | Found a staircase to the Orcish Mines.
  7015 | D:9      | Noticed a two-headed ogre
  7038 | D:9      | Killed a two-headed ogre
  7038 | D:9      | Received a gift from Trog
  7039 | D:9      | Reached skill level 12 in Unarmed Combat
  7095 | D:9      | Found a staircase to the Lair.
  7393 | Orc:1    | Entered Level 1 of the Orcish Mines
  7393 | Orc:1    | Noticed an orc high priest
  7404 | Orc:1    | Killed an orc high priest
  7405 | Orc:1    | Reached XP level 11. HP: 105/109 MP: 10/10
  7466 | Orc:1    | Noticed a two-headed ogre
  7473 | Orc:1    | Killed a two-headed ogre
  7531 | Orc:1    | Noticed an orc sorcerer
  7537 | Orc:1    | Killed an orc sorcerer
  7568 | Orc:2    | Entered Level 2 of the Orcish Mines
  7588 | Orc:2    | Found a gate leading to a gauntlet.
  7609 | Gauntlet | Entered a Gauntlet
  7609 | Gauntlet | Found a transporter.
  7609 | Gauntlet | Found a transporter.
  7630 | Gauntlet | Noticed a queen ant
  7640 | Gauntlet | Found a transporter.
  7642 | Gauntlet | Noticed a tengu warrior
  7649 | Gauntlet | Found a transporter.
  7668 | Gauntlet | Found a transporter.
  7674 | Gauntlet | Noticed a great orb of eyes
  7678 | Gauntlet | Found a transporter.
  7678 | Gauntlet | Found a transporter.
  7678 | Gauntlet | Noticed a green ugly thing
  7682 | Gauntlet | Found a transporter.
  7682 | Gauntlet | Noticed a green ugly thing
  7709 | Gauntlet | Found a transporter.
  7716 | Gauntlet | Found a transporter.
  7725 | Gauntlet | Found a transporter.
  7734 | Gauntlet | Found a transporter.
  7780 | Gauntlet | Found a transporter.
  7794 | Gauntlet | Found a transporter.
  7894 | Gauntlet | Found a transporter.
  7912 | Gauntlet | Found a transporter.
  8024 | Gauntlet | Killed a queen ant
  8035 | Gauntlet | HP: 2/111 [poisoned by a queen ant]
  8133 | Gauntlet | Reached skill level 13 in Unarmed Combat
  8177 | Gauntlet | Got a smoking bone amulet
  8192 | Gauntlet | Identified an amulet "Xegih" {RegenMP Fragile rElec Str+2}
                  | (You found it in a Gauntlet)
  8222 | Gauntlet | Killed a green ugly thing
  8228 | Gauntlet | Killed a great orb of eyes
  8230 | Gauntlet | Killed a green ugly thing
  8236 | Gauntlet | Got a heavily runed glass ring
  8241 | Gauntlet | Identified the ring "Louz" {rC+ Dex+3} (You found it in a
                  | Gauntlet)
  8386 | Gauntlet | Noticed a minotaur
  8396 | Gauntlet | Killed a minotaur
  8588 | Orc:2    | Noticed an orc sorcerer
  8608 | Orc:2    | Killed an orc sorcerer
  8614 | Orc:2    | Reached XP level 12. HP: 122/122 MP: 11/11
  8616 | Orc:2    | Noticed Blork the orc
  8624 | Orc:2    | Killed Blork the orc
  8638 | Orc:2    | Noticed an orc high priest
  8644 | Orc:2    | Killed an orc high priest
  8645 | Orc:2    | Reached skill level 14 in Unarmed Combat
  8774 | Orc:2    | Noticed an orc warlord
  8792 | Orc:2    | Killed an orc warlord
  8826 | Orc:2    | Found a roughly hewn altar of Beogh.
  8871 | Orc:2    | Found Usero's General Store.
  8896 | Orc:2    | Found Bont's Book Boutique.
  9006 | Orc:2    | Bought a scroll of identify for 22 gold pieces
  9006 | Orc:2    | Bought a potion of heal wounds for 55 gold pieces
  9006 | Orc:2    | Bought 2 potions of curing for 66 gold pieces
  9006 | Orc:2    | Bought a potion of curing for 33 gold pieces
  9189 | Orc:2    | Found a roughly hewn altar of Beogh.
  9292 | Orc:2    | Found a staircase to the Elven Halls.
  9330 | Orc:2    | Found Befrit's Antique Weapon Boutique.
  9355 | Orc:2    | Found Heghaq's Antique Armour Boutique.
  9484 | Orc:1    | Found Weavodoopt's Armour Shoppe.
  9695 | Orc:1    | Received a gift from Trog
  9871 | Orc:1    | Found a bloodstained altar of Trog.
 10194 | D:10     | Entered Level 10 of the Dungeon
 10950 | D:11     | Noticed a six-headed hydra
 10954 | D:11     | Noticed a boulder beetle
 10960 | D:11     | Killed a ten-headed hydra
 10965 | D:11     | Reached skill level 1 in Spellcasting
 11077 | D:11     | Killed a boulder beetle
 11078 | D:11     | Reached skill level 15 in Unarmed Combat
 11184 | D:11     | Found an ancient bone altar of Kikubaaqudgha.
 11205 | D:11     | Found a runed translucent door.
 11211 | D:11     | Noticed toph's ghost (journeyman MfIE)
 11212 | D:11     | Identified the cursed +2 spear of Woe {venom, rN+ Str+4
                  | SInv}
 11272 | D:11     | Found Oceco's Magic Scroll Boutique.
 11276 | D:11     | Bought a scroll of remove curse for 45 gold pieces
 11276 | D:11     | Bought a scroll of blinking for 112 gold pieces
 11276 | D:11     | Bought a scroll of teleportation for 45 gold pieces
 11276 | D:11     | Bought a scroll of identify for 30 gold pieces
 11606 | D:11     | Reached XP level 13. HP: 132/132 MP: 14/14
 12076 | D:11     | Killed toph's ghost
 12261 | D:12     | Found an ornate altar of the Wu Jian Council.
 12322 | D:12     | Noticed Kirke
 12331 | D:12     | Killed Kirke
 12551 | D:12     | Reached skill level 10 in Dodging
 12601 | D:12     | Reached skill level 10 in Fighting
 12814 | D:13     | Found a gate to the Vaults.
 12935 | D:13     | Found Dilash's Armour Emporium.
 13294 | D:13     | Reached skill level 16 in Unarmed Combat
 13937 | D:14     | Noticed Johnny's ghost (journeyman DEEE)
 14074 | D:14     | Found a transporter.
 14081 | D:14     | Found a transporter.
 14651 | D:14     | Killed Johnny's ghost
 14786 | D:15     | Entered Level 15 of the Dungeon
 14809 | D:15     | Reached XP level 14. HP: 114/144 MP: 18/18
 14853 | D:15     | Found a staircase to the Depths.
 15065 | D:8      | Killed asdsad's ghost
 15092 | D:8      | Got a slimy robe
 15107 | D:8      | Identified the cursed +0 robe "Tek Cadi" {Rampage Dex+2
                  | Stlth-} (You found it on level 8 of the Dungeon)
 15192 | Lair:1   | Entered Level 1 of the Lair of Beasts
 15194 | Lair:1   | Noticed Grum
 15219 | Lair:1   | Killed Grum
 16588 | Lair:2   | Found a staircase to the Shoals.
 17556 | Lair:3   | Found an iron altar of Okawaru.
 17602 | Lair:3   | Found an opulent altar of Gozag.
 17767 | Lair:3   | Found a staircase to the Snake Pit.
 17856 | Lair:3   | Reached skill level 17 in Unarmed Combat
 19244 | Lair:4   | Identified the ring of Yboassid {+Fly rPois rF++ Str+6
                  | SInv}
 19248 | Lair:4   | Reached skill level 5 in Spellcasting
 19431 | Lair:4   | Reached XP level 15. HP: 154/154 MP: 21/21
 20580 | Lair:5   | Found a viscous altar of Jiyva.
 20581 | Lair:5   | Found a staircase to the Slime Pits.
 20839 | Lair:6   | Entered Level 6 of the Lair of Beasts
 21177 | Lair:6   | Found a runed translucent door.
 21215 | Lair:6   | Paralysed by a hornet for 3 turns
 21506 | Lair:6   | Fell from the grace of Trog
 21512 | Lair:6   | Paralysed by a hornet for 2 turns
 21635 | Lair:5   | Learned a level 2 spell: Blink
 21642 | Lair:5   | Learned a level 5 spell: Blade Hands
 21807 | Lair:5   | Reached skill level 1 in Translocations
 23243 | Temple   | Entered the Ecumenical Temple
 23314 | Temple   | Became a worshipper of Cheibriados the Contemplative
 23478 | Elf:1    | Entered Level 1 of the Elven Halls
 23490 | Elf:1    | Reached XP level 16. HP: 152/167 MP: 26/26
 23563 | Elf:1    | Reached skill level 1 in Transmutations
 23665 | Elf:1    | Found a portal to a secret trove of treasure.
 23786 | Elf:1    | You paid a toll of 6 potions of haste to enter a treasure
                  | trove
 23787 | Trove    | Entered a treasure trove
 23823 | Trove    | Got a translucent diamond amulet
 23825 | Trove    | Got a scorched copper amulet
 23850 | Trove    | Identified Sif Muna's Reference Book on Battle Magic
 23886 | Trove    | Identified the amulet "Waesid" {Acrobat rF+} (You found it
                  | in a treasure trove)
 23887 | Trove    | Identified the amulet "Biumag" {Spirit rElec Dex+4 Stlth+}
                  | (You found it in a treasure trove)
 23935 | Elf:1    | Identified the +7 broad axe "Omelette" {drain, +Fly rElec
                  | Will+ Dex-4}
 23984 | Elf:1    | Reached * piety under Cheibriados
 24311 | Elf:1    | Found Inimyoqo's Weapon Shop.
 24377 | Elf:2    | Identified the +1 kite shield of the Vanishing Invaders
                  | {Str+4 Int+3}
 24377 | Elf:2    | Noticed Asterion
 24380 | Elf:2    | Noticed an Executioner
 24646 | Elf:2    | Found a runed translucent gate.
 24646 | Elf:2    | Found a runed translucent gate.
 24646 | Elf:2    | Found a runed translucent gate.
 24674 | Elf:2    | HP: 4/169 [deep elf mage/magic dart (11)]
 24697 | Elf:2    | Reached ** piety under Cheibriados
 24903 | Elf:2    | Killed Asterion
 25176 | Elf:2    | Reached *** piety under Cheibriados
 25373 | Elf:2    | Cast into level 2 of the Abyss (+3 lajatang of distortion)
 25497 | Abyss:2  | Reached skill level 5 in Transmutations
 25622 | Abyss:2  | Noticed a tentacled starspawn
 25634 | Abyss:2  | Killed a tentacled starspawn
 25656 | Abyss:2  | Reached **** piety under Cheibriados
 25714 | Abyss:2  | Reached XP level 17. HP: 178/178 MP: 28/28
 25922 | Elf:2    | Escaped the Abyss
 26313 | Elf:2    | Found Heiruidean's Magic Scroll Shop.
 26322 | Elf:2    | Bought a scroll of teleportation for 42 gold pieces
 26322 | Elf:2    | Bought a scroll of teleportation for 42 gold pieces
 26322 | Elf:2    | Bought a scroll of vulnerability for 105 gold pieces
 26322 | Elf:2    | Bought 2 scrolls of teleportation for 84 gold pieces
 26322 | Elf:2    | Bought a scroll of teleportation for 42 gold pieces
 26322 | Elf:2    | Bought a scroll of blinking for 105 gold pieces
 26322 | Elf:2    | Bought a scroll of vulnerability for 105 gold pieces
 26322 | Elf:2    | Bought a scroll of magic mapping for 49 gold pieces
 26324 | Elf:2    | Identified 2 scrolls of acquirement
 26328 | Elf:2    | Acquired the amulet "Gifigrism" {Reflect Dex+8 Slay+3 SH+5}
 26333 | Elf:2    | Acquired the +5 gold dragon scales "Eguesoc" {rElec rPois
                  | rF+ rC+ Dex+4}
 26400 | Elf:2    | Reached ***** piety under Cheibriados
 26425 | Elf:2    | Reached skill level 5 in Translocations
 27034 | Elf:3    | Entered Level 3 of the Elven Halls
 27158 | Elf:3    | Found Cyceepn's Assorted Antiques.
 27163 | Elf:3    | Found Waimece's General Store.
 27167 | Elf:3    | Bought a scroll of identify for 62 gold pieces
 27174 | Elf:3    | Bought a scroll of vulnerability for 90 gold pieces
 27174 | Elf:3    | Bought a scroll of immolation for 42 gold pieces
 27174 | Elf:3    | Bought a scroll of teleportation for 36 gold pieces
 28234 | Elf:3    | Cast into level 2 of the Abyss (a deep elf sorcerer)
 28488 | Abyss:2  | Gained mutation: You occasionally shout uncontrollably at
                  | your foes. [a neqoxec]
 28891 | Abyss:2  | Reached ****** piety under Cheibriados
 28945 | Abyss:2  | Was forgiven by Trog
 29253 | Elf:3    | Escaped the Abyss
 29263 | Elf:3    | Cast into level 3 of the Abyss (a deep elf sorcerer)
 29343 | Abyss:3  | Paralysed by accursed screaming for 1 turns
 29487 | Elf:3    | Escaped the Abyss
 29523 | Elf:3    | Reached XP level 18. HP: 145/190 MP: 13/30
 29523 | Elf:3    | Noticed a Brimstone Fiend
 29909 | Elf:3    | Identified the cursed +1 robe of the Prince of Darkness
                  | {rPois Regen+ Dex+4}
 30053 | Elf:3    | Identified the cursed +0 chain mail of Miobe {rF- Int+6}
 30054 | Elf:3    | Identified the +5 whip of Instinct {vamp, +Inv +Fly rPois
                  | Will-}
 30068 | Elf:3    | Reached skill level 15 in Fighting
 30078 | Elf:3    | Reached skill level 10 in Translocations
 30267 | Elf:3    | Identified an amulet "Fufios Vymud" {RegenMP MP+9}
 30300 | Elf:3    | Found the +6 arbalest "Damnation" {damnation}
 30302 | Elf:3    | Found the +9 heavy crossbow "Sniper" {vorpal, Acc+∞ SInv}
 30328 | Elf:3    | Identified Daypseah's Handbook of Moulding and Clay
 31007 | D:15     | Reached skill level 1 in Armour
 31808 | Snake:1  | Entered Level 1 of the Snake Pit
 32257 | Snake:1  | Found a runed translucent door.
 32259 | Snake:1  | Noticed Bodis's ghost (adept OpTm)
 32294 | Snake:1  | Killed Bodis's ghost
 32597 | Snake:1  | Found Hofor's Magic Scroll Shop.
 32617 | Snake:1  | Bought a scroll of fear for 49 gold pieces
 32617 | Snake:1  | Bought a scroll of fear for 49 gold pieces
 32617 | Snake:1  | Bought a scroll of identify for 28 gold pieces
 32617 | Snake:1  | Bought a scroll of fog for 28 gold pieces
 32617 | Snake:1  | Bought 3 scrolls of teleportation for 126 gold pieces
 32617 | Snake:1  | Bought a scroll of identify for 28 gold pieces
 32617 | Snake:1  | Bought a scroll of holy word for 105 gold pieces
 32617 | Snake:1  | Bought a scroll of vulnerability for 105 gold pieces
 33645 | Snake:3  | Reached XP level 19. HP: 192/202 MP: 26/31
 34280 | Snake:3  | Acquired a +1 tower shield of protection
 34626 | Snake:4  | Entered Level 4 of the Snake Pit
 34979 | Snake:4  | Noticed Aizul
 34990 | Snake:4  | Killed Aizul
 35000 | Snake:4  | Reached skill level 5 in Armour
 36218 | Snake:4  | Reached skill level 1 in Invocations
 36220 | Snake:4  | Gained mutation: Your magical capacity is low. (-10% MP)
                  | [mutagenic glow]
 36229 | Snake:4  | Gained mutation: Your magical capacity is very low. (-20%
                  | MP) [mutagenic glow]
 36240 | Snake:4  | Lost mutation: Your magical capacity is very low. (-20% MP)
                  | [mutagenic glow]
 36451 | Snake:4  | Got a serpentine rune of Zot
 36871 | Shoals:1 | Entered Level 1 of the Shoals
 36871 | Shoals:1 | Found a transporter.
 36871 | Shoals:1 | Noticed archon2's ghost (adept DEFE)
 36933 | Shoals:1 | You fall into a shaft and drop 1 floor!
 37478 | Shoals:2 | Found Voaqeil's Magic Scroll Boutique.
 37486 | Shoals:2 | Bought a scroll of magic mapping for 42 gold pieces
 37486 | Shoals:2 | Bought a scroll of identify for 24 gold pieces
 37486 | Shoals:2 | Bought a scroll of identify for 24 gold pieces
 37486 | Shoals:2 | Bought a scroll of teleportation for 36 gold pieces
 37486 | Shoals:2 | Bought a scroll of enchant armour for 90 gold pieces
 37486 | Shoals:2 | Bought a scroll of immolation for 42 gold pieces
 37486 | Shoals:2 | Bought a scroll of fog for 24 gold pieces
 37486 | Shoals:2 | Bought a scroll of identify for 24 gold pieces
 37486 | Shoals:2 | Bought a scroll of identify for 24 gold pieces
 37488 | Shoals:2 | Reached XP level 20. HP: 213/213 MP: 29/29
 37949 | Shoals:1 | Found Eaudopt's Eclectic Emporium.
 37954 | Shoals:1 | Noticed Nikola
 37961 | Shoals:1 | Killed Nikola
 38004 | Shoals:1 | Reached XP level 21. HP: 212/222 MP: 27/29
 38018 | Shoals:1 | Bought a potion of experience for 600 gold pieces
 38018 | Shoals:1 | Bought a scroll of enchant armour for 90 gold pieces
 38018 | Shoals:1 | Reached skill level 18 in Unarmed Combat
 38018 | Shoals:1 | Reached skill level 5 in Invocations
 38018 | Shoals:1 | Reached XP level 22. HP: 231/231 MP: 30/30
 38234 | Shoals:1 | Identified the Papyrus of Venomous Confrontation
 38496 | Shoals:1 | Found a transporter.
 38774 | Shoals:1 | Killed archon2's ghost
 38786 | Shoals:1 | Got a glittering jade ring
 38804 | Shoals:1 | Identified the ring "Yjeqe" {rC- Int+6 SInv Stlth+} (You
                  | found it on level 1 of the Shoals)
 38855 | Shoals:3 | Noticed Polyphemus
 39078 | Shoals:3 | Reached skill level 10 in Transmutations
 39552 | Shoals:3 | Noticed Jorgrun
 39565 | Shoals:3 | Killed Jorgrun
 39714 | Shoals:3 | Killed Polyphemus
 39822 | Shoals:3 | Noticed Ilsuiw
 39846 | Shoals:3 | Killed Ilsuiw
 40202 | Shoals:4 | Entered Level 4 of the Shoals
 40243 | Shoals:4 | Found a frozen archway.
 40255 | IceCv    | Entered an ice cave
 41804 | Shoals:4 | Reached skill level 10 in Spellcasting
 41925 | Shoals:4 | Reached skill level 19 in Unarmed Combat
 42445 | Shoals:4 | Got a barnacled rune of Zot
 43042 | Vaults:1 | Entered Level 1 of the Vaults
 43169 | Vaults:1 | Learned a level 7 spell: Dragon Form
 43546 | Vaults:1 | Reached XP level 23. HP: 233/239 MP: 30/32
 43961 | Vaults:1 | Found Huaraatt's Antique Armour Boutique.
 43970 | Vaults:1 | Bought an embroidered hat for 210 gold pieces
 44048 | Vaults:1 | You fall into a shaft and drop 1 floor!
 44967 | Vaults:2 | Reached skill level 10 in Invocations
 45155 | Vaults:2 | Paralysed by an ogre mage for 6 turns
 45555 | Vaults:1 | Found Jujaib Piebb's Jewellery Shoppe.
 45773 | Vaults:1 | Gained mutation: You are weak. (Str -2) [mutagenic glow]
 46686 | Vaults:3 | Found Siuph's Book Shop.
 47327 | Vaults:3 | Found a staircase to the Crypt.
 47535 | Vaults:4 | Noticed Xtahua
 47537 | Vaults:4 | Reached skill level 20 in Unarmed Combat
 47538 | Vaults:4 | Killed Xtahua
 47641 | Vaults:4 | Noticed Frederick
 47652 | Vaults:4 | Killed Frederick
 47772 | Vaults:4 | Found Olaecaw's Antique Armour Boutique.
 47873 | Vaults:4 | Found Laoces's Antique Armour Shop.
 47901 | Vaults:4 | Reached XP level 24. HP: 236/248 MP: 28/33
 48477 | Vaults:4 | Found Ytzuj's Jewellery Shop.
 48691 | Vaults:5 | Entered Level 5 of the Vaults
 49015 | Vaults:4 | Cast into level 2 of the Abyss (vault guard)
 49158 | Abyss:2  | Found a hazy altar of Hepliaklqana.
 49778 | Vaults:4 | Escaped the Abyss
 50206 | Vaults:5 | Noticed an ancient lich
 50215 | Vaults:5 | Killed an ancient lich
 50601 | Vaults:5 | Reached XP level 25. HP: 231/249 MP: 30/34
 50702 | Vaults:5 | Noticed Mara
 50703 | Vaults:5 | Noticed Johnny's illusion
 50711 | Vaults:5 | Killed Mara
 50941 | Vaults:5 | Reached skill level 21 in Unarmed Combat
 51798 | Vaults:5 | Identified the Grimoire of Creation and Heat
 51887 | Vaults:5 | Got a silver rune of Zot
 52262 | Elf:1    | Gained mutation: Your magical capacity is very low. (-20%
                  | MP) [mutagenic glow]
 52270 | Elf:1    | Gained mutation: Potions are less effective at restoring
                  | your health. [mutagenic glow]
 52282 | Elf:1    | Lost mutation: You are weak. (Str -2) [mutagenic glow]
 52295 | Elf:1    | Gained mutation: You are frail. (-10% HP) [mutagenic glow]
 52296 | Elf:1    | Lost mutation: You are frail. (-10% HP) [potion of
                  | mutation]
 52296 | Elf:1    | Lost mutation: Potions are less effective at restoring your
                  | health. [potion of mutation]
 52296 | Elf:1    | Gained mutation: Your magical capacity is extremely low.
                  | (-30% MP) [potion of mutation]
 52296 | Elf:1    | Gained mutation: You expend magic power (3 MP) to
                  | strengthen your wands. [potion of mutation]
 52297 | Elf:1    | Lost mutation: Your magical capacity is extremely low.
                  | (-30% MP) [potion of mutation]
 52297 | Elf:1    | Lost mutation: Your magical capacity is very low. (-20% MP)
                  | [potion of mutation]
 52297 | Elf:1    | Lost mutation: Your magical capacity is low. (-10% MP)
                  | [potion of mutation]
 52297 | Elf:1    | Lost mutation: You expend magic power (3 MP) to strengthen
                  | your wands. [potion of mutation]
 52297 | Elf:1    | Gained mutation: Your flesh is cold resistant. (rC+)
                  | [potion of mutation]
 52297 | Elf:1    | Gained mutation: You are clumsy. (Dex -2) [potion of
                  | mutation]
 52297 | Elf:1    | Gained mutation: You are partially covered in molten
                  | scales. (AC +2) [potion of mutation]
 52760 | Slime:1  | Entered Level 1 of the Pits of Slime
 52991 | Slime:2  | Gained mutation: Your magical capacity is low. (-10% MP) [a
                  | shining eye]
 54444 | Slime:4  | Reached skill level 1 in Shields
 54710 | Slime:3  | Gained mutation: You sometimes yell uncontrollably at your
                  | foes. [a shining eye]
 54711 | Slime:3  | Gained mutation: You are weak. (Str -2) [a shining eye]
 54716 | Slime:3  | Lost mutation: You are partially covered in molten scales.
                  | (AC +2) [a shining eye]
 55062 | Slime:5  | Entered Level 5 of the Pits of Slime
 55081 | Slime:5  | Gained mutation: Scrolls take you a little longer to read.
                  | [a shining eye]
 55082 | Slime:5  | Gained mutation: You are frail. (-10% HP) [a shining eye]
 55085 | Slime:5  | Gained mutation: Your magical capacity is very low. (-20%
                  | MP) [a shining eye]
 55424 | Slime:5  | Noticed Dissolution
 55434 | Slime:5  | Killed Dissolution
 55532 | Slime:5  | Noticed the Royal Jelly
 55782 | Slime:5  | Killed the Royal Jelly
 55783 | Slime:5  | Reached skill level 5 in Shields
 55783 | Slime:5  | Reached XP level 26. HP: 138/238 MP: 18/30
 56205 | Slime:5  | Got a slimy rune of Zot
 56340 | Slime:5  | Got a faintly glowing amethyst amulet
 56343 | Slime:5  | Identified the amulet of Grontol {Regen+ Int+2 Slay+2} (You
                  | found it on level 5 of the Pits of Slime)
 57102 | Shoals:1 | Bought a manual of Evocations for 1324 gold pieces
 57337 | Depths:1 | Entered Level 1 of the Depths
 57713 | Depths:1 | Found Impopeli's Evil Emporium.
 57713 | Depths:1 | Found an ancient bone altar of Kikubaaqudgha.
 57747 | Depths:1 | Reached skill level 10 in Shields
 58380 | Depths:1 | Found a gateway to Hell.
 58708 | Depths:2 | Found Gozag's Antique Armour Shoppe.
 58730 | Depths:2 | Found an opulent altar of Gozag.
 58735 | Depths:2 | Found Gozag's Antique Weapon Shoppe.
 58738 | Depths:2 | Found Gozag's Assorted Antiques.
 59094 | Depths:2 | Acquired a scarf of shadows
 59442 | Depths:2 | Noticed Margery
 59456 | Depths:2 | Killed Margery
 59593 | Depths:2 | Found Quejat's Gadget Boutique.
 59594 | Depths:2 | Found Contuep's Jewellery Shoppe.
 59596 | Depths:2 | Found Ruezxon's Gadget Boutique.
 59972 | Depths:3 | Found a magical portal.
 59981 | WizLab   | Entered The Hall of the Hellbinder
 60491 | WizLab   | Found a burning altar of Makhleb.
 60503 | WizLab   | Reached skill level 1 in Evocations
 60562 | WizLab   | Got a pitted cloak
 60566 | WizLab   | Identified the +1 cloak "Gaatzei" {rC+} (You found it in a
                  | wizard's laboratory)
 60571 | WizLab   | Got a scorched copper ring
 60573 | WizLab   | Got an ancient bone ring
 60576 | WizLab   | Identified the cursed ring "Roagi" {rF+ Int+2 Dex-4} (You
                  | found it in a wizard's laboratory)
 60578 | WizLab   | Identified the ring "Posujuwu" {Dex+6 Stlth+} (You found it
                  | in a wizard's laboratory)
 60606 | WizLab   | Identified the Incunabulum of Slavery
 61040 | Depths:3 | Found a one-way gate leading to the halls of Pandemonium.
 61054 | Depths:3 | Noticed a juggernaut
 61061 | Depths:3 | Killed a juggernaut
 61062 | Depths:3 | Reached XP level 27. HP: 209/245 MP: 30/30
 61079 | Depths:3 | Reached skill level 5 in Evocations
 61182 | Depths:3 | Reached skill level 15 in Shields
 61685 | Depths:4 | Noticed the Enchantress
 61805 | Depths:3 | Killed the Enchantress
 62543 | Depths:4 | Found a corrupted altar of Lugonu.
 62543 | Depths:4 | Found a one-way gate to the infinite horrors of the Abyss.
 62584 | Depths:4 | Found a runed translucent door.
 62814 | Depths:4 | Found a gateway to a ziggurat.
 62979 | Depths:5 | Entered Level 5 of the Depths
 63226 | Depths:5 | Found a gate to the Realm of Zot.
 63441 | Depths:5 | Reached skill level 10 in Evocations
 64162 | Depths:4 | Voluntarily entered the Abyss.
 64229 | Abyss:1  | Found a sparkling altar of Nemelex Xobeh.
 64659 | Abyss:1  | Found an iron altar of Okawaru.
 65331 | Abyss:2  | Reached skill level 22 in Unarmed Combat
 65412 | Abyss:2  | Gained mutation: You are very frail. (-20% HP) [a neqoxec]
 65417 | Abyss:2  | Gained mutation: You are very weak. (Str -4) [a neqoxec]
 65957 | Abyss:4  | Got an abyssal rune of Zot
 66064 | Abyss:4  | Paralysed by you for 5 turns
 66592 | Abyss:4  | Learned a level 4 spell: Passage of Golubria
 66679 | Abyss:4  | Gained mutation: You are extremely frail. (-30% HP) [a
                  | cacodemon]
 66793 | Abyss:4  | Reached skill level 15 in Dodging
 66803 | Depths:4 | Escaped the Abyss
 67099 | Pan      | Entered Pandemonium
 67390 | Pan      | Found a transporter.
 67392 | Pan      | Identified the ring of Turaerr {Will+ Int+5}
 67837 | Pan      | Found a transporter.
 68791 | Pan      | Noticed Fysmumm the pandemonium lord
 68807 | Pan      | Killed Fysmumm the pandemonium lord
 69327 | Pan      | Gained mutation: Your body sometimes deteriorates upon
                  | taking damage. [a cacodemon]
 69845 | Pan      | Gained mutation: You are dopey. (Int -2) [a cacodemon]
 70141 | Pan      | Killed from afar by a Brimstone Fiend

Illustrated notes

Levels and vault maps discovered:
D:1:      minmay_arrival_checkered_box, layout_rooms, feat_on_display
D:2:      layout_basic, fedhas_altar_1
D:3:      layout_basic, marbit_many_paths, yredelemnul_altar_generic
D:4:      layout_loops_cross, gammafunk_ghost_icy, cheibrodos_sewer_entry_bend,
          minmay_quantized
D:5:      layout_gridville, uniq_sigmund, uniq_pikel, uniq_grinder
D:6:      layout_basic, minmay_temple_entry_sparse_star, elyvilon_altar_1
D:7:      layout_gridville, serial_shops, shop, chequers_serial_rivers_room_a,
          fountainhead
D:8:      layout_loops_ring, gammafunk_ghost_wrathful_warriors, enter_bailey_2,
          minmay_guarded_unrand_variability
D:9:      layout_rooms, dpeg_oklobed_lair, orc_0_dummy,
          ebering_dispersal_statue_hall
D:10:     layout_loops_ring, grunt_decor_cap
D:11:     layout_stronghold, serial_shops, nicolae_shop_stone,
          ebering_ghost_funeral_grove, fountainhead, minmay_ruined_shrine
D:12:     layout_cave_pools, basic_altar, hangedman_misty_isle, uniq_kirke
D:13:     layout_cave_pools, erik_vaults_1, serial_shops, shop_statue,
          minmay_crystal_room
D:14:     layout_stronghold, hangedman_abyss_or_decor_jellyfish_corner,
          gammafunk_ghost_hive
D:15:     gammafunk_depths_entry_grave, layout_irregular_city,
          minmay_misc_feat_diagonals, minivault_12
Temple:   grunt_wide_crystal_templ
Lair:1:   layout_cellular_growth, serial_bayou_shore_a, uniq_grum
Lair:2:   layout_cave_pods, minmay_shoals_entry_centaurs, special_room
          [special_room_bee], lemuel_fruit_tree
Lair:3:   nzn_winding_woodlands_small [nzn_winding_woodlands_5x15_eye,
          nzn_winding_woodlands_center_lodge,
          nzn_winding_woodlands_5x15_sawtooth], layout_regular_city,
          guppyfry_snake_entry_island, basic_altar, lemuel_altar_in_water2,
          grunt_megastairs_3
Lair:4:   regret_index_wax_grids, layout_long_grid, grunt_megastairs_2
Lair:5:   layout_regular_city, dpeg_slime_entry_enclosed_altar,
          grunt_megastairs_5, minmay_lair_oklob_chamber
Lair:6:   hangedman_lair_in_review, layout_big_grid, wormcave, minivault_23,
          minivault_23, nzn_sisyphean_effort
Shoals:1: layout_shoals, gammafunk_ghost_berserking_beasts,
          nicolae_alphabet_shops, uniq_nikola
Shoals:2: layout_shoals, serial_shops,
          nicolae_shop_temple_entry_statues_fountains
Shoals:3: layout_shoals, nicolae_shoals_water_shrine, uniq_polyphemus,
          uniq_ilsuiw, uniq_jorgrun
Shoals:4: shoals_end_grunt_ice, layout_shoals,
          portal_ice_cave_entry_pillars_three
Snake:1:  layout_gridlike, serial_shops, shop_fountains, gammafunk_ghost_grave
Snake:2:  layout_misc_corridors
Snake:3:  nicolae_snake_nest, layout_concentric_octagons, st_stairs_5
Snake:4:  snake_pit, layout_concentric_octagons, uniq_aizul
Slime:1:  layout_caves
Slime:2:  layout_caves
Slime:3:  layout_caves
Slime:4:  layout_caves
Slime:5:  uniq_dissolution
Orc:1:    layout_diamond_mine, serial_shops, nicolae_shop_behind_doors,
          basic_altar, hangedman_minor_magic
Orc:2:    grunt_orc_cross, layout_diamond_mine, gauntlet_entry_generic,
          basic_altar
Elf:1:    eino_elf_arrival_sip, layout_gridlike, serial_shops, shop,
          nicolae_trove_entry_columns, evilmike_minifort,
          kilobyte_mutagenic_chamber, roderic_lattice_octagonal_star
Elf:2:    layout_loops_ring, serial_shops, shop, special_room
          [special_room_mythical_zoo], uniq_asterion
Elf:3:    minmay_elf_hall_curves, layout_geoelf_castle, minmay_shop_star
Vaults:1: hangedman_vaults_stagger, v_misc_4, ontoclasm_vaults_tryst,
          vaults_room_ringed_pool, hangedman_vaults_stretched_pinwheel,
          vaults_mumra_hex, nicolae_vaults_little_squares_6,
          vaults_mumra_minichess_inversion, nicolae_vaults_three_branches,
          layout_vaults_chaotic_city, serial_shops, nicolae_shop_trees,
          nicolae_shop_temple_entry_statues_fountains
Vaults:2: v_misc_23, ontoclasm_vaults_gateway, nicolae_vaults_ring_of_whatevers,
          nicolae_vaults_what_the_h, grunt_vaults_bifocal, v_misc_3,
          vaults_mumra_hexcomb, v_misc_30, layout_vaults_quadrants
Vaults:3: vaults_room_grunt_arrival_checkpoint, vaults_room_large_hall,
          hangedman_vaults_stream, vaults_room_hallway, ontoclasm_vaults_eye,
          v_misc_23, blue_anna_dwarven_crypt, v_misc_30, v_alt_pattern_1,
          layout_vaults_maze_snakey, serial_shops, shop
Vaults:4: v_alt_pattern_6, ontoclasm_vaults_loading_screen, vaults_room_corners,
          v_alt_pattern_2, hangedman_vaults_locks, vaults_room_fours,
          ontoclasm_vaults_spin, vaults_room_semicircle,
          nicolae_vaults_little_squares_4, layout_vaults_omnicross,
          serial_shops, nicolae_shop_competitors_out_of_business, shop,
          nicolae_shop_crystal, uniq_xtahua, uniq_frederick
Vaults:5: serial_shops, uniq_mara
Depths:1: layout_gridlike, hangedman_tar_grid_catacomb,
          chequers_serial_rivers_micro_c, nicolae_evil_shop
Depths:2: kennysheep_gozag_temple, layout_gridlike, grunt_metal_band,
          infiniplex_staircase_pool_2, fountainhead, serial_bayou_lagoon_a,
          kennysheep_cross_bottleneck, solitary_fountain, serial_bayou_crossing,
          minmay_shop_grove
Depths:3: hangedman_stitches_corridor, layout_cave_shapes,
          kennysheep_nondescript, pf_dread_powers_of_hell, mu_enter_wizlab_6,
          pan_entry, infiniplex_staircase_zigzag_3, firewood_loft, uniq_margery
Depths:4: hourglass_vault, layout_cave_pools, enter_ziggurat_a,
          abyss_entry_flame_altar, hangedman_coc_ice_floe, minmay_acid_items,
          uniq_enchantress
Depths:5: grunt_zot_entry_funnels, layout_gridville, roderic_serpentine_path,
          grunt_hell_entry_dis_grunt
Pan:      gammafunk_the_bubble [the_bubble_gammafunk_split], layout_long_grid,
          grunt_pan_spiral, layout_stronghold, grunt_pan_pentagram,
          layout_gridlike

Skill      XL: |  1  2  3  4  5  6  7  8  9 10 11 12 13 14 15 16 17 18 19 20 21 22 23 24 25 26 27 |
---------------+----------------------------------------------------------------------------------+-----
Unarmed Combat | 4 5 6 7 9 10 12 13 15 16 17 18 19 20 21 22 | 22.9
Dodging        | 3 4 5 6 7 8 9 10 11 12 13 14 15 | 15.8
Fighting       | 3 4 5 6 7 8 9 10 11 12 13 14 15 16 17 | 17.6
Spellcasting   | 1 3 5 7 8 9 10 11 12 13 | 13.2
Translocations | 3 9 10 | 10.1
Transmutations | 5 6 7 9 10 11 12 13 14 | 14.2
Armour         | 4 5 |  5.9
Invocations    | 4 5 9 11 12 13 | 13.4
Shields        | 5 14 17 | 17.4
Evocations     | 4 12 | 12.1

Action                   |  1- 3 |  4- 6 |  7- 9 | 10-12 | 13-15 | 16-18 | 19-21 | 22-24 | 25-27 || total
-------------------------+-------+-------+-------+-------+-------+-------+-------+-------+-------++-------
Melee: Unarmed           |   100 |   103 |   259 |   581 |  1215 |  1023 |   431 |  1415 |  2492 ||  7619
       Punch             |     3 |     3 |     7 |    42 |   130 |   116 |    58 |   177 |   118 ||   654
 Cast: Blink             |       |       |       |       |     9 |    21 |       |       |    28 ||    58
       Blade Hands       |       |       |       |       |       |       |     4 |    70 |    53 ||   127
Invok: Berserk           |       |     1 |     2 |    11 |    15 |       |       |       |       ||    29
       Trog's Hand       |       |       |     1 |     5 |     1 |       |       |       |       ||     7
       Brothers in Arms  |       |       |       |     3 |       |       |       |       |       ||     3
       Bend Time         |       |       |       |       |       |       |       |     4 |     1 ||     5
       Step From Time    |       |       |       |       |       |       |       |       |     3 ||     3
       Slouch            |       |       |       |       |       |       |       |       |     8 ||     8
Evoke: Wand              |       |       |     7 |    13 |    24 |    32 |       |       |    10 ||    86
       Box of beasts     |       |       |       |       |     3 |     1 |       |       |     1 ||     5
       Lightning rod     |       |       |       |       |       |     8 |     1 |       |       ||     9
       Condenser vane    |       |       |       |       |       |     1 |       |     1 |       ||     2
       Tin of tremorston |       |       |       |       |       |       |       |       |     5 ||     5
  Use: Scroll            |       |       |       |    14 |    17 |    35 |     9 |    15 |    35 ||   125
       Potion            |       |       |       |     1 |     3 |    12 |     2 |     2 |    24 ||    44
 Stab: Sleeping          |     1 |       |       |       |       |     3 |       |       |       ||     4
       Invisible         |       |       |       |       |     5 |     1 |       |       |    11 ||    17
       Paralysed         |       |       |       |       |     5 |       |       |       |       ||     5
       Petrified         |       |       |       |       |     4 |       |       |       |     3 ||     7
       Distracted        |       |       |       |       |       |     1 |       |       |     4 ||     5
       Confused          |       |       |       |       |       |       |       |     2 |       ||     2
Armor: Animal skin       |    38 |    28 |    12 |       |       |       |       |       |       ||    78
       Robe              |       |       |    51 |    25 |       |       |       |       |       ||    76
       Troll leather arm |       |       |       |    76 |   417 |   102 |       |       |       ||   595
       Skin              |       |       |       |       |       |    36 |       |       |       ||    36
       Gold dragon scale |       |       |       |       |       |   418 |   311 |   902 |   699 ||  2330
Dodge: Dodged            |    47 |    55 |   168 |   462 |  1250 |   785 |   474 |  1431 |  1074 ||  5746
Block: Tower shield      |       |       |       |       |       |       |       |       |  2123 ||  2123
       Reflection        |       |       |       |       |       |       |       |       |   112 ||   112
       Other             |       |       |       |       |       |       |       |       |    45 ||    45
